 Dungeon Crawl Stone Soup version 0.17.1-2-g5865329 (webtiles) character file.

380 xeno23 the Charmwright (level 6, -3/41 HPs)
             Began as a High Elf Skald on Jan 30, 2016.
             Killed from afar by an orc wizard (10 damage)
             ... with a puff of frost
             ... on level 3 of the Dungeon.
             The game lasted 00:15:57 (2482 turns).

xeno23 the Charmwright (High Elf Skald)             Turns: 2482, Time: 00:15:57

Health: -3/41      AC:  5    Str: 13    XL:     6   Next: 46%
Magic:  7/11       EV: 11    Int: 17    God:
Gold:   183        SH:  0    Dex: 14    Spells: 4 memorised, 2 levels left

rFire  . . .     SeeInvis .     B - +2 spear (venom)
rCold  . . .     Clarity  .     h - +0 ring mail
rNeg   . . .     SustAt   .     (no shield)
rPois  .         Gourm    .     (no helmet)
rElec  .         Spirit   .     (no cloak)
rCorr  .         Warding  .     (no gloves)
rMut   .         Stasis   .     (no boots)
MR     .....                    (no amulet)
Stlth  +.........               (no ring)
                                (no ring)

@: not resistant to hostile enchantments, very unstealthy
A: no striking features
a: no special abilities


You were on level 3 of the Dungeon.
You were not hungry.

You visited 1 branch of the dungeon, and saw 4 of its levels.

You collected 183 gold pieces.

Inventory:

Hand Weapons
 B - a +2 spear of venom (weapon)
 D - a +0 long sword
Missiles
 q - 10 steel sling bullets
 u - a javelin (quivered)
Armour
 h - a +0 ring mail (worn)
Wands
 a - a wand of random effects (10)
 A - a wand of cold (4)
Scrolls
 f - a scroll of enchant armour {unknown}
 k - 2 scrolls of immolation
 l - a scroll of amnesia {unknown}
 m - 2 scrolls of identify
 p - a scroll of blinking {unknown}
 s - a scroll of enchant weapon {unknown}
 x - 2 scrolls of fear {unknown}
Potions
 b - a potion of ambrosia
 e - 3 potions of curing {unknown}
 g - a potion of degeneration {unknown}
 j - 2 potions of flight
 o - a potion of might {unknown}
 r - a potion of beneficial mutation {unknown}
 t - a potion of mutation {unknown}
 v - a potion of lignification {unknown}
 z - a potion of heal wounds {unknown}
 C - a potion of brilliance {unknown}
Books
 c - a book of Battle

   Spells                             Type                      Level
   a - Infusion                       Charms                       1
   b - Shroud of Golubria             Charms/Translocation         2
   c - Song of Slaying                Charms                       2
   d - Spectral Weapon                Hexes/Charms                 3
   e - Regeneration                   Charms/Necromancy            3
Comestibles
 d - 5 bread rations
 i - 4 meat rations
 n - 6 chunks of flesh
 w - 3 fruits


   Skills:
 + Level 2.8 Fighting
 * Level 4.5 Long Blades
 + Level 2.2 Armour
 + Level 2.5 Dodging
 - Level 3.0 Spellcasting
 * Level 2.2 Hexes
 + Level 4.6 Charms
 + Level 1.4 Translocations


You had 2 spell levels left.
You knew the following spells:

 Your Spells              Type           Power        Failure   Level  Hunger
a - Infusion              Chrm           ###...       8%          1    None
d - Shroud of Golubria    Chrm/Tloc      ##........   17%         2    ##.....
e - Regeneration          Chrm/Necr      ##........   43%         3    ###....
s - Spectral Weapon       Hex/Chrm       ##......     30%         3    ###....


Dungeon Overview and Level Annotations

Branches:
Dungeon (4/15)
 Temple: D:4-7

Altars:
Dithmenos
Trog


Message History

Your spectral weapon resists.
Your spectral weapon shares its damage with you!
Your spectral weapon fades away.
You take 1 damage.
Something hits you but does no damage.
You hear some strange, mumbled words.
A puff of flame appears from out of thin air!
The puff of flame misses you.
There is a stone staircase leading up, spattered with blood here.
You hear some strange, mumbled words.
A puff of frost appears from out of thin air!
The puff of frost hits you!
* * * LOW HITPOINT WARNING * * *
You climb upwards.
There is a stone staircase leading down here.
You take 9 damage.
You hear some strange, mumbled words.
A puff of frost appears from out of thin air!
The puff of frost hits you!
You die...

#....##.#.#######.#
#.......#.# #.#
####.##.####.# #.#
..()....####.# #.#
####.##......#######.#
#.##.###........#.#
#.##.# #.#......#.#
####.##.###.#.######.#
...............>@....#
......#.#####.[#######
...............#
........######.#####
)######## #.....#
.###### #####.#
.'....# #.# .####.###
#.# ###.....# #.#


There were no monsters in sight!

Vanquished Creatures
  An orc priest (D:3)
  A centaur skeleton (D:4)
  Ijyb (D:2)
  Jessica (D:2)
  2 orc wizards
  Terence (D:2)
  Natasha (thrice) (D:2)
  A worker ant (D:4)
  3 adders
  An adder zombie (D:3)
  5 giant geckos
  14 orcs
  2 giant cockroaches
  4 goblins (D:3)
  5 hobgoblins
  5 jackals
  2 quokkas
  7 bats
  8 giant newts
  4 kobolds
  11 rats
82 creatures vanquished.

Vanquished Creatures (others)
  A spectral weapon (D:4)
1 creature vanquished.

Grand Total: 83 creatures vanquished

Notes
Turn   | Place    | Note
--------------------------------------------------------------
     0 | D:1      | xeno23 the High Elf Skald began the quest for the Orb.
     0 | D:1      | Reached XP level 1. HP: 14/14 MP: 4/4
   173 | D:1      | Reached skill level 1 in Armour
   214 | D:1      | Reached XP level 2. HP: 16/19 MP: 6/6
   271 | D:1      | Learned a level 2 spell: Shroud of Golubria
   484 | D:2      | Noticed Natasha
   493 | D:2      | Killed Natasha
   493 | D:2      | Reached XP level 3. HP: 15/24 MP: 0/8
   615 | D:2      | Noticed Terence
   652 | D:2      | Noticed Jessica
   674 | D:2      | Noticed Natasha
   684 | D:2      | Killed Natasha
   691 | D:2      | Killed Jessica
   691 | D:2      | Reached skill level 4 in Charms
   691 | D:2      | Reached XP level 4. HP: 9/30 MP: 2/9
   754 | D:2      | Learned a level 3 spell: Spectral Weapon
   918 | D:2      | Noticed Ijyb
   945 | D:2      | Killed Ijyb
  1043 | D:2      | Noticed Natasha
  1048 | D:2      | Killed Natasha
  1069 | D:2      | Found a faded altar to an unknown god.
  1227 | D:2      | Killed Terence
  1227 | D:2      | Reached skill level 1 in Hexes
  1227 | D:2      | Reached XP level 5. HP: 23/35 MP: 3/10
  1283 | D:2      | Found a bloodstained altar of Trog.
  1324 | D:2      | Learned a level 3 spell: Regeneration
  1670 | D:3      | Reached skill level 1 in Translocations
  1735 | D:3      | Found a shadowy altar of Dithmenos.
  2144 | D:4      | Reached XP level 6. HP: 28/41 MP: 3/11
  2482 | D:3      | Killed from afar by an orc wizard

Action                   |  1- 3 |  4- 6 || total
-------------------------+-------+-------++-------
Melee: Falchion          |    67 |    47 ||   114
       Spear             |       |   104 ||   104
       Flail             |       |    32 ||    32
       Long sword        |       |     2 ||     2
Throw: Javelin           |       |     2 ||     2
 Cast: Infusion          |     6 |    12 ||    18
       Shroud of Golubri |     2 |     6 ||     8
       Spectral Weapon   |       |     4 ||     4
       Regeneration      |       |     2 ||     2
  Use: Scroll            |       |     4 ||     4
       Potion            |       |     1 ||     1
  Eat: Chunk             |       |     7 ||     7
